 Dungeon Crawl Stone Soup version 0.23.2-33-g5129a83184 (webtiles) character file.

Game seed: 14460127384320778034

362 H0rd4k the Charlatan (level 6, -1/46 HPs)
             Began as a Human Artificer on July 25, 2019.
             Slain by an ogre
             ... wielding a +0 giant club
              (16 damage)
             ... on level 4 of the Dungeon.
             The game lasted 00:05:31 (4403 turns).

H0rd4k the Charlatan (Human Artificer)              Turns: 4403, Time: 00:05:32

Health: -1/46      AC:  3    Str: 15    XL:     6   Next: 99%
Magic:  9/9        EV: 13    Int: 11    God:
Gold:   154        SH:  0    Dex: 13    Spells: 5/5 levels left

rFire    . . .     SeeInvis .   q - +0 dagger (venom)
rCold    . . .     Gourm    .   (no shield)
rNeg     . . .     Faith    .   b - +0 leather armour
rPois    .         Spirit   .   (no helmet)
rElec    .         Reflect  .   (no cloak)
rCorr    .         Harm     .   (no gloves)
MR       .....                  (no boots)
Stlth    ++........             (no amulet)
HPRegen  0.15/turn              (no ring)
MPRegen  0.11/turn              (no ring)

@: no status effects
A: no striking features
a: no special abilities


You were on level 4 of the Dungeon.
You were very hungry.

You visited 1 branch of the dungeon, and saw 4 of its levels.

You collected 154 gold pieces.

Inventory:

Hand Weapons
 a - a +0 short sword
 q - a +0 dagger of venom (weapon)
Armour
 b - a +0 leather armour (worn)
Jewellery
 k - an uncursed ring of protection from fire {unknown}
 p - an uncursed ring of protection from magic
Wands
 c - a wand of flame (3)
 d - a wand of enslavement (11)
 e - a wand of random effects (9)
Scrolls
 i - a scroll of amnesia
 j - 2 scrolls of remove curse {unknown}
 l - 2 scrolls of enchant armour {unknown}
 n - 3 scrolls of magic mapping {unknown}
 o - 2 scrolls of random uselessness {unknown}
 s - a scroll of fog {unknown}
Potions
 g - a potion of degeneration {unknown}
 h - a potion of lignification {unknown}
 m - a potion of agility {unknown}
 r - 2 potions of curing {unknown}
 t - a potion of berserk rage {unknown}
 u - a potion of flight {unknown}
 v - a potion of invisibility {unknown}
Comestibles
 f - 8 rations


   Skills:
 + Level 2.4 Fighting
 + Level 2.9 Short Blades
   Level 0.3 Axes
 + Level 2.5 Armour
 + Level 3.5 Dodging
 + Level 1.7 Stealth
 + Level 4.2 Evocations


You had 5 spell levels left.
You didn't know any spells.
Your spell library was empty.

Dungeon Overview and Level Annotations

Branches:
Dungeon (4/15)
 Temple: D:4-7

Altars:
Makhleb
Ru
Trog
Xom

Annotations:
D:2 1 runed translucent door, Crazy Yiuf
D:3 Robin


Message History

You hit the goblin.
The goblin is poisoned.
The goblin is almost dead.
You kill the goblin!
You hit the goblin but do no damage.
The goblin is poisoned.
The goblin hits you with a +0 club.
You hit the goblin.
You kill the goblin!
You closely miss the goblin. You hit the goblin but do no damage.
The goblin is poisoned.
The goblin misses you.
You closely miss the goblin. The goblin barely misses you.
You hit the goblin.
You kill the goblin!
You hit the ogre.
The ogre is lightly wounded.
The ogre hits you with a +0 giant club!!
You barely miss the ogre.
The ogre is lightly wounded.
The ogre hits you with a +0 giant club!
You die...

........##'# #..+ ........#...
#..# ........#... #..#
........#... +..# ........##+#
#....#..#############+##...
#....#..##.........# #...
#....#.............# #...
#....#....@........# #...
#....#..##O.####..## ##...
#....#..###.# ##..#####.... .
#....#...##g# #.......#....
..####....'...#.gg #.......#....
..........#...#g..##.......'....
..........#...#..%##.......#....
..........#...######.......#....
..........#..##..#
####...รท#....


You could see an ogre and 3 goblins.

Vanquished Creatures
  A jelly (D:4)
  An orc priest (D:3)
  Ijyb (D:3)
  Natasha (D:3)
  2 orc wizards (D:3)
  Terence (D:3)
  5 adders
  A gnoll (D:1)
  A shadow imp (D:2)
  An ooze (D:2)
  A worm (D:2)
  A dart slug (D:2)
  12 orcs (D:3)
  8 bats
  A giant cockroach (D:1)
  15 goblins
  6 hobgoblins
  6 kobolds
  2 quokkas (D:2)
  2 frilled lizards
  4 rats
73 creatures vanquished.

Vanquished Creatures (collateral kills)
  Natasha (D:3)
  An adder (D:3)
  2 orcs (D:3)
  A bat (D:3)
  A goblin (D:3)
  A rat (D:3)
7 creatures vanquished.

Vanquished Creatures (others)
  An adder (D:3)
  An orc (D:3)
2 creatures vanquished.

Grand Total: 82 creatures vanquished

Notes
Turn   | Place    | Note
-------+----------+-------------------------------------------
     0 | D:1      | H0rd4k the Human Artificer began the quest for the Orb.
     0 | D:1      | Reached XP level 1. HP: 15/15 MP: 3/3
    13 | D:1      | Reached XP level 2. HP: 6/21 MP: 4/4
   552 | D:1      | Reached XP level 3. HP: 23/26 MP: 5/5
   803 | D:1      | Reached skill level 4 in Evocations
  1305 | D:2      | Reached XP level 4. HP: 15/32 MP: 7/7
  1308 | D:2      | Found a shimmering altar of Xom.
  1543 | D:2      | Reached skill level 1 in Armour
  1713 | D:2      | Found a faded altar of an unknown god.
  2071 | D:2      | Found a shimmering altar of Xom.
  2071 | D:2      | Found a sacrificial altar of Ru.
  2073 | D:2      | Found a burning altar of Makhleb.
  2073 | D:2      | Found a burning altar of Makhleb.
  2073 | D:2      | Found a bloodstained altar of Trog.
  2228 | D:2      | Found a runed translucent door.
  2229 | D:2      | Noticed Crazy Yiuf
  2406 | D:3      | Noticed Ijyb
  2415 | D:3      | Paralysed by Ijyb for 4 turns
  2420 | D:3      | Paralysed by Ijyb for 7 turns
  2446 | D:3      | Killed Ijyb
  2446 | D:3      | Reached XP level 5. HP: 10/37 MP: 8/8
  2765 | D:3      | Noticed Robin
  3107 | D:3      | Noticed Natasha
  3116 | D:3      | Killed Natasha
  3466 | D:3      | Reached XP level 6. HP: 42/44 MP: 9/9
  3693 | D:3      | Noticed an orc warrior
  3695 | D:3      | Noticed Natasha
  3713 | D:3      | Killed Natasha
  3856 | D:3      | Noticed Terence
  3871 | D:3      | Killed Terence
  4392 | D:4      | Noticed an ogre
  4403 | D:4      | Slain by an ogre

Skill      XL: |  1  2  3  4  5  6 |
---------------+-------------------+-----
Evocations     | 4 |  4.2
Armour         | 1 2 |  2.5
Short Blades   | 2 |  2.9
Fighting       | 2 |  2.4
Dodging        | 3 |  3.5
Axes           | |  0.3
Stealth        | |  1.7

Action                   |  1- 3 |  4- 6 || total
-------------------------+-------+-------++-------
Melee: Short sword       |    84 |    31 ||   115
       War axe           |       |    44 ||    44
       Dagger            |       |   137 ||   137
Evoke: Wand              |     7 |    15 ||    22
  Use: Potion            |       |     3 ||     3
       Scroll            |       |     2 ||     2
 Stab: Sleeping          |     2 |     1 ||     3
  Eat: Chunk             |       |    10 ||    10
Armor: Leather armour    |    35 |    37 ||    72
Dodge: Dodged            |    54 |   128 ||   182
